 Dungeon Crawl Stone Soup version 0.22-a0-866-geee5034 (webtiles) character file.

14 Leszczynek the Ducker (level 2, 11/18 HPs)
             Began as a Deep Elf Monk on July 28, 2018.
             Quit the game on level 2 of the Dungeon.
             The game lasted 00:01:27 (239 turns).

Leszczynek the Ducker (Deep Elf Monk)                Turns: 239, Time: 00:01:28

Health: 11/18      AC:  2    Str:  8    XL:     2   Next: 31%
Magic:  6/6        EV: 14    Int: 14    God:
Gold:   18         SH:  0    Dex: 17    Spells: 4/4 levels left

rFire    . . .     SeeInvis .   j - -3 whip (curse)
rCold    . . .     Gourm    .   (no shield)
rNeg     . . .     Faith    .   b - +0 robe
rPois    .         Spirit   .   (no helmet)
rElec    .         Reflect  .   (no cloak)
rCorr    .         Harm     .   (no gloves)
MR       .....                  (no boots)
Stlth    ++........             (no amulet)
HPRegen  0.06/turn              (no ring)
MPRegen  0.10/turn              (no ring)

@: no status effects
A: no striking features
a: no special abilities


You were on level 2 of the Dungeon.
You were not hungry.

You visited 1 branch of the dungeon, and saw 2 of its levels.

You collected 18 gold pieces.

Inventory:

Hand Weapons
 a - a +0 short sword
 j - a cursed -3 whip (weapon)
Missiles
 i - 7 curare-tipped needles
Armour
 b - a +0 robe (worn)
Scrolls
 g - a scroll of random uselessness {unknown}
 h - a scroll of remove curse {unknown}
Potions
 c - a potion of invisibility {unknown}
 e - a potion of curing {unknown}
Comestibles
 d - 3 rations
 f - 2 chunks of flesh


   Skills:
 - Level 2.4 Fighting
 - Level 3.0 Short Blades
 - Level 3.6 Dodging
 + Level 3.2 Stealth
 + Level 1.8 Spellcasting


You had 4 spell levels left.
You didn't know any spells.
Your spell library was empty.

Dungeon Overview and Level Annotations

Branches:
Dungeon (2/15)

Altars:
Fedhas


Message History

Found a ration.
g - a scroll labeled ATTEG CYNULAZ
h - a scroll labeled NUCADIREGG
Found 7 curare-tipped needles.
Found a gold piece.
d - 3 rations (gained 1)
You see here 7 curare-tipped needles.
i - 7 curare-tipped needles
Found a glowing whip.
A goblin and a hobgoblin come into view.
Found 11 gold pieces.
An adder comes into view.
The goblin shouts!
The hobgoblin shouts!
The adder hisses angrily.
You see here a glowing whip.
j - a glowing whip Wield which item (- for none, * to show all)? (? for menu, Esc to quit)
It sticks to your hand!
j - a cursed -3 whip (weapon)
The adder bites you.
Are you sure you want to abandon this character and quit the game? (Confirm with "yes".)

############...
...............
#.........#...
#............$ g. ###
............. .######...
...g....... ........
##S........ .##....###
#..@.g.# .##..#
..#####.#..#.#
..#.####....#..#..#.#...
.........#....#........#
.....≈≈≈≈.........#.####
.....≈_≈........#.#...
###..≈≈.≈#..#..##.####..
#...≈.≈≈≈#..#..##..# #
..#................##


You could see an adder, a hobgoblin and a goblin.

Vanquished Creatures
  A dart slug (D:1)
  3 bats
  A giant cockroach (D:1)
  3 goblins
  2 kobolds (D:1)
  2 rats (D:2)
12 creatures vanquished.

Notes
Turn   | Place    | Note
-------+----------+-------------------------------------------
     0 | D:1      | Leszczynek the Deep Elf Monk began the quest for the Orb.
     0 | D:1      | Reached XP level 1. HP: 13/13 MP: 3/3
   100 | D:1      | Reached skill level 1 in Spellcasting
   131 | D:1      | Reached skill level 3 in Stealth
   131 | D:1      | Reached XP level 2. HP: 11/18 MP: 4/6
   200 | D:2      | Found a blossoming altar of Fedhas.
   239 | D:2      | Quit the game

Vault maps used:
D:1:      dpeg_arrival_chase, minmay_tree_intersection
D:2:      nicolae_ru_sacrificial_ziggurat, fedhas_altar_2

Skill      XL: |  1 |
---------------+----+-----
Spellcasting   | 1 |  1.8
Stealth        | 3 |  3.2
Fighting       | |  2.4
Short Blades   | |  3.0
Dodging        | |  3.6

Action                   || total
-------------------------++-------
Melee: Short sword       ||    39
 Stab: Sleeping          ||     3
Armor: Robe              ||     6
Dodge: Dodged            ||    24

Table legend:
 A = Spawn XP
 B = Non-spawn XP
 C = Spawn XP percentage of total XP
 D = Spawn monster count
 E = Non-spawn monster count
 F = Spawn count percentage of total count
 G = Total turns spent on level
                    A         B        C        D         E        F      G
               +---------+---------+-------+---------+---------+-------+---------
         Total |       0 |      21 |   0.0 |       0 |      12 |   0.0 |   239
               +---------+---------+-------+---------+---------+-------+---------
           D:1 |       0 |      14 |   0.0 |       0 |       7 |   0.0 |   147
           D:2 |       0 |       7 |   0.0 |       0 |       5 |   0.0 |    92
               +---------+---------+-------+---------+---------+-------+---------
